 Dungeon Crawl Stone Soup version 0.26-a0-34-g9e0bf03589 (webtiles) character file.

Game seed: 14153408157043255740, levelgen mode: deterministic

21907 RaHiT the Grappler (level 12, -27/112 HPs)
             Began as a Ghoul Monk on May 29, 2020.
             Was a Priest of Yredelemnul.
             Annihilated by a very large slime creature (39 damage)
             ... on level 12 of the Dungeon.
             The game lasted 00:47:31 (12003 turns).

RaHiT the Grappler (Ghoul Monk)                    Turns: 12003, Time: 00:47:31

Health: -27/112    AC: 21    Str: 20    XL:     12   Next: 94%
Magic:  15/15      EV:  8    Int:  5    God:    Yredelemnul [***...]
Gold:   712        SH:  6    Dex: 14    Spells: 11/11 levels left

rFire    . . .     SeeInvis .     - Unarmed
rCold    + . .     Gourm    .   v - +0 buckler
rNeg     + + +     Faith    .   q - +0 plate armour of Reason {Dex+3}
rPois    ∞         Spirit   .   G - +0 helmet
rElec    .         Reflect  .   f - +0 cloak
rCorr    .         Harm     .   (no gloves)
MR       .....                  (no boots)
Stlth    ..........             a - amulet of regeneration
HPRegen  0.00/turn              i - ring "Livotim" {rPois AC+4}
MPRegen  0.14/turn              m - +4 ring of slaying

@: rotting, studying Shields
A: rotting body, claws 1, carnivore, cold resistance 1, negative energy
resistance 3, inhibited regeneration, torment resistance, unbreathing
a: Recall Undead Slaves, Injury Mirror, Animate Dead, Renounce Religion


You were on level 12 of the Dungeon.
You worshipped Yredelemnul.
Yredelemnul was most pleased with you.
You were not hungry.

You visited 2 branches of the dungeon, and saw 13 of its levels.
You visited the Abyss 1 time.

You collected 712 gold pieces.

Inventory:

Hand Weapons
 J - a +4 hand crossbow
Missiles
 l - 110 bolts
 t - 5 poisoned darts (quivered)
 N - 3 curare-tipped darts
Armour
 f - a +0 cloak (worn)
 q - the +0 plate armour of Reason (worn) {Dex+3}
   (You found it on level 7 of the Dungeon)

   It affects your dexterity (+3).
 v - a +0 buckler (worn)
 G - a +0 helmet (worn)
Jewellery
 a - an amulet of regeneration (around neck)
 i - the ring "Livotim" (left claw) {rPois AC+4}
   (You took it off an orc on level 6 of the Dungeon)

   [ring of protection]

   It affects your AC (+4).
   It protects you from poison.
 m - a +4 ring of slaying (right claw)
 u - a +4 ring of evasion {unknown}
 K - a +6 ring of dexterity {unknown}
Wands
 o - a wand of iceblast (20)
 p - a wand of acid (6)
 s - a wand of digging (3)
Scrolls
 c - a scroll of fear
 g - 4 scrolls of teleportation
 h - 2 scrolls of blinking
 r - 5 scrolls of immolation
 y - 2 scrolls of summoning
 C - a scroll of magic mapping {unknown}
 E - a scroll of noise {unknown}
 H - a scroll of fog {unknown}
Potions
 d - 3 potions of brilliance
 e - a potion of might
 j - 3 potions of curing
 k - a potion of cancellation
 n - 3 potions of invisibility
 w - a potion of heal wounds
 z - a potion of stabbing {unknown}
 A - a potion of haste
 D - a potion of berserk rage {unknown}
 F - a potion of flight {unknown}
Books
 I - a manual of Shields
Comestibles
 b - 26 rations
 L - 5 chunks of flesh


   Skills:
 + Level 11.9 Fighting
 - Level 3.0 Throwing
 + Level 9.7 Armour
 - Level 3.0 Dodging
 - Level 2.1 Stealth
 + Level 6.7 Shields
 + Level 12.0 Unarmed Combat
 - Level 3.0 Invocations
 - Level 6.0 Evocations


You had 11 spell levels left.
You didn't know any spells.
Your spell library contained the following spells:

 Spells                   Type           Power        Failure   Level  Hunger
 Animate Skeleton         Necr           N/A          100%        1    ##.....
 Infusion                 Chrm           #...         100%        1    ##.....
 Pain                     Necr           #...         100%        1    ##.....
 Sting                    Tmut/Pois      #...         100%        1    ##.....
 Poisonous Vapours        Pois/Air       #.....       100%        2    ###....
 Shroud of Golubria       Chrm/Tloc      #.....       100%        2    ###....
 Song of Slaying          Chrm           #.......     100%        2    ###....
 Ignite Poison            Fire/Tmut/Pois #.......     100%        3    ####...
 Mephitic Cloud           Conj/Pois/Air  #.......     100%        3    ####...
 Ozocubu's Armour         Chrm/Ice       #.......     100%        3    ####...
 Spectral Weapon          Hex/Chrm       #.......     100%        3    ####...
 Vampiric Draining        Necr           #.........   100%        3    ####...
 Animate Dead             Necr           N/A          100%        4    #####..
 Olgreb's Toxic Radiance  Pois           #.......     100%        4    #####..
 Agony                    Necr           #.......     100%        5    ######.
 Malign Gateway           Summ/Tloc      #.........   100%        7    #######
 Monstrous Menagerie      Summ           #.........   100%        7    #######
 Summon Greater Demon     Summ           #.........   100%        7    #######
 Summon Horrible Things   Summ           #.........   100%        8    #######


Dungeon Overview and Level Annotations

Branches:
Dungeon (12/15)            Temple (1/1) D:7            Lair (0/6) D:10
    Orc (0/2) D:11

Altars:
Ashenzari
Cheibriados
Dithmenos
Elyvilon
Fedhas
Gozag
Hepliaklqana
Kikubaaqudgha
Makhleb
Nemelex Xobeh
Okawaru
Qazlal
Ru
Sif Muna
Trog
Uskayaw
Vehumet
Wu Jian
Xom
Yredelemnul
Zin
The Shining One

Annotations:
D:9 2 transporters, megajambo's ghost, novice DENe
D:11 2 transporters, Ysiucs's ghost, journeyman DgFi


Innate Abilities, Weirdness & Mutations

Your body is rotting away.
You thrive on raw meat.
You are immune to poison.
You have sharp fingernails.
You are carnivorous and can eat meat at any time.
Your flesh is cold resistant. (rC+)
You are immune to negative energy. (rN+++)
You do not regenerate when monsters are visible.
You are immune to unholy pain and torment.
You can survive without breathing.


Message History

Yredelemnul mirrors your injury!
The very large slime creature is moderately wounded.
You scratch the very large slime creature.
The very large slime creature is heavily wounded.
The very large slime creature hits you!!
Yredelemnul mirrors your injury!
The very large slime creature is heavily wounded.
You can no longer drain ambient life force.
You scratch the very large slime creature.
The very large slime creature is heavily wounded.
A slime creature comes into view. x2
The very large slime creature hits you!!
* * * LOW HITPOINT WARNING * * *
Yredelemnul mirrors your injury!
The very large slime creature is severely wounded.
You feel better.
Your dark mirror aura disappears.
The very large slime creature hits you!!!
You die...
Yredelemnul claims you as an undead slave.

#...#
##..###
###.#
###.####
#.#
#.....^#
#.#
#......###
#.#
#......').
#.#
#......###
#.##
#......#
#..#
#......#
##@#
###'####
#J# ##..#
#9# #..##
#J# #.##
#'#
##'######
#.......#
#.......#
#.....J.+
#.......#
#.......#
#.......#
#.......#
#.......#


You could see a very large slime creature, 2 slime creatures and a gargoyle.

Vanquished Creatures
  A hydra (D:11)
  A centaur warrior (D:11)
  7 two-headed ogres
  Nergalle (D:11)
  2 ugly things (D:11)
  2 cyclopes (D:11)
  A centaur skeleton (D:11)
  Psyche (D:12)
  A troll (D:9)
  3 hornets
  4 slime creatures (D:12)
  A hippogriff (D:8)
  A wyvern (D:12)
  6 yaks
  2 basilisks (D:10)
  10 vampire mosquitoes (D:12)
  Duvessa (D:7)
  2 water moccasins
  5 porcupines
  2 ice beasts
  3 black bears
  4 orc warriors
  8 sky beasts
  3 phantoms
  6 ogres
  3 centaurs
  A crocodile (D:8)
  A big kobold (D:12)
  8 bullfrogs
  Dowan (D:7)
  2 gnoll sergeants
  6 scorpions
  26 killer bees
  6 wights (D:8)
  4 electric eels (D:7)
  3 crimson imps
  A howler monkey (D:4)
  4 bullfrog zombies
  8 jellies
  7 hounds
  9 orc wizards
  4 orc priests (D:6)
  Jessica (D:2)
  Natasha (thrice) (D:4)
  5 iguanas
  9 worker ants
  2 hound skeletons
  A worker ant zombie (D:6)
  11 gnolls
  7 adders
  4 shadow imps
  6 oozes
  2 adder skeletons
  2 adder zombies
  2 worms
  6 dart slugs
  A leopard gecko (D:3)
  28 orcs
  A ball python (D:1)
  5 bats
  6 giant cockroaches
  6 goblins
  9 hobgoblins
  21 jackals
  13 kobolds
  5 quokkas
  6 frilled lizards
  A jackal zombie (D:6)
  A quokka skeleton (D:7)
  A quokka zombie (D:7)
  8 rats
345 creatures vanquished.

Vanquished Creatures (collateral kills)
  Sonja (D:12)
  A mana viper (shapeshifter) (D:11)
  A centaur zombie (D:12)
  A gargoyle (D:12)
  A necrophage (D:12)
  An ogre (D:11)
  A centaur (D:11)
  A killer bee (D:12)
  2 crimson imps (D:11)
  An orc wizard (D:12)
  A howler monkey zombie (D:7)
  An orc (D:12)
  A jackal (D:7)
14 creatures vanquished.

Vanquished Creatures (others)
  An ugly thing zombie (D:11)
  A centaur skeleton (D:11)
  2 flying skulls (D:12)
  A two-headed ogre zombie (D:11)
  A two-headed ogre skeleton (D:11)
  2 centaur zombies (D:11)
  A bullfrog skeleton (D:7)
  A necrophage skeleton (D:12)
  A mummy (D:11)
  4 orc skeletons (D:7)
  An orc zombie (D:11)
  4 fungi (D:10)
  A plant (D:10)
21 creatures vanquished.

Grand Total: 380 creatures vanquished

Notes
Turn   | Place    | Note
-------+----------+-------------------------------------------
     0 | D:1      | RaHiT the Ghoul Monk began the quest for the Orb.
     0 | D:1      | Reached XP level 1. HP: 19/19 MP: 0/0
    92 | D:1      | Reached XP level 2. HP: 22/26 MP: 1/1
   481 | D:1      | Reached XP level 3. HP: 31/31 MP: 2/2
  1128 | D:2      | Reached skill level 1 in Throwing
  1128 | D:2      | Reached skill level 1 in Armour
  1555 | D:2      | Reached XP level 4. HP: 16/40 MP: 3/3
  1665 | D:2      | Noticed Jessica
  1668 | D:2      | Killed Jessica
  1668 | D:2      | Reached skill level 4 in Unarmed Combat
  2023 | D:3      | Reached XP level 5. HP: 43/46 MP: 4/4
  2432 | D:3      | Found an ancient bone altar of Kikubaaqudgha.
  2615 | D:4      | Found a white marble altar of Elyvilon.
  2626 | D:4      | Noticed a phantom
  2780 | D:4      | Killed a phantom
  2780 | D:4      | Reached XP level 6. HP: 8/53 MP: 5/5
  2873 | D:4      | Noticed Natasha
  2884 | D:4      | Killed Natasha
  2921 | D:4      | Noticed Natasha
  2932 | D:4      | Killed Natasha
  3013 | D:4      | Noticed Natasha
  3031 | D:4      | Killed Natasha
  3157 | D:4      | Reached skill level 5 in Unarmed Combat
  3157 | D:4      | Reached XP level 7. HP: 59/59 MP: 6/6
  3381 | D:4      | Reached skill level 5 in Fighting
  3564 | D:4      | Found a glowing golden altar of the Shining One.
  4188 | D:5      | Entered Level 5 of the Dungeon
  4541 | D:5      | Reached XP level 8. HP: 69/69 MP: 7/7
  4543 | D:5      | Reached skill level 6 in Unarmed Combat
  5142 | D:6      | Reached skill level 1 in Evocations
  5321 | D:6      | Identified the ring "Livotim" {rPois AC+4}
  5397 | D:6      | Reached skill level 7 in Unarmed Combat
  5408 | D:6      | Reached skill level 5 in Armour
  5594 | D:6      | Reached XP level 9. HP: 76/79 MP: 9/9
  5673 | D:7      | Found a staircase to the Ecumenical Temple.
  5695 | Temple   | Entered the Ecumenical Temple
  5766 | Temple   | Became a worshipper of Yredelemnul the Dark
  5766 | Temple   | Reached * piety under Yredelemnul
  5766 | Temple   | Reached ** piety under Yredelemnul
  5806 | D:7      | Noticed Dowan
  5808 | D:7      | Noticed Duvessa
  5825 | D:7      | Killed Duvessa
  5827 | D:7      | Killed Dowan
  5827 | D:7      | Reached skill level 1 in Invocations
  6181 | D:7      | Reached skill level 8 in Unarmed Combat
  6496 | D:7      | Reached skill level 1 in Shields
  6617 | D:7      | Got a transparent plate armour
  6628 | D:7      | Identified the cursed +0 plate armour of Reason {Dex+3}
                  | (You found it on level 7 of the Dungeon)
  6755 | D:7      | Reached XP level 10. HP: 84/89 MP: 11/11
  6974 | D:8      | Found a sparkling altar of Nemelex Xobeh.
  7584 | D:8      | Reached *** piety under Yredelemnul
  7584 | D:8      | Reached skill level 9 in Unarmed Combat
  7874 | D:9      | Identified the +9 flail "Foutonie" {flame, Stlth+}
  7874 | D:9      | Noticed a tengu warrior
  7874 | D:9      | Noticed a two-headed ogre
  7876 | D:9      | Noticed a deep troll
  7881 | D:9      | Noticed megajambo's ghost (novice DENe)
  7883 | D:9      | Found a bloodstained altar of Trog.
  7883 | D:9      | Noticed a moth of wrath
  7896 | D:9      | Found a transporter.
  7902 | D:9      | Found a transporter.
  8148 | D:9      | Found a stormy altar of Qazlal.
  8209 | D:9      | Noticed a two-headed ogre
  8224 | D:9      | Killed a two-headed ogre
  8240 | D:9      | Reached skill level 5 in Shields
  8328 | D:9      | Noticed a two-headed ogre
  8336 | D:9      | Killed a two-headed ogre
  8336 | D:9      | Reached XP level 11. HP: 95/97 MP: 12/12
  8470 | D:9      | Found a burning altar of Makhleb.
  8714 | D:10     | Entered Level 10 of the Dungeon
  9095 | D:10     | Noticed a two-headed ogre
  9119 | D:10     | Killed a two-headed ogre
  9119 | D:10     | Reached skill level 10 in Fighting
  9119 | D:10     | Reached skill level 10 in Unarmed Combat
  9156 | D:10     | Found a staircase to the Lair.
  9852 | D:11     | Noticed a two-headed ogre
  9926 | D:10     | Killed a two-headed ogre
  9957 | D:11     | Noticed Nergalle
 10085 | D:11     | Killed Nergalle
 10103 | D:11     | Noticed Ysiucs's ghost (journeyman DgFi)
 10106 | D:11     | Noticed a cyclops
 10109 | D:11     | Found a transporter.
 10117 | D:11     | Killed a cyclops
 10131 | D:11     | Noticed a two-headed ogre
 10146 | D:11     | Killed a two-headed ogre
 10146 | D:11     | Reached XP level 12. HP: 91/108 MP: 12/14
 10186 | D:11     | Noticed a centaur warrior
 10204 | D:11     | Killed a centaur warrior
 10204 | D:11     | Reached skill level 11 in Unarmed Combat
 10572 | D:11     | Reached **** piety under Yredelemnul
 10598 | D:11     | Noticed a two-headed ogre
 10599 | D:11     | Noticed a seven-headed hydra
 10620 | D:11     | Killed a two-headed ogre
 10620 | D:11     | Reached skill level 5 in Evocations
 10620 | D:11     | Received a gift from Yredelemnul (a mummy)
 10707 | D:11     | Found a transporter.
 10741 | D:11     | Found a staircase to the Orcish Mines.
 10782 | D:11     | Killed a seven-headed hydra
 10818 | D:11     | Noticed a two-headed ogre
 10830 | D:11     | Killed a two-headed ogre
 11227 | D:12     | Noticed Psyche
 11239 | D:12     | Killed Psyche
 11468 | D:12     | Received a gift from Yredelemnul (2 flying skulls)
 11827 | D:12     | Noticed Sonja
 11831 | D:12     | Cast into level 2 of the Abyss (Sonja)
 11832 | Abyss:2  | Found a corrupted altar of Lugonu.
 11903 | D:12     | Escaped the Abyss
 11910 | D:12     | Killed Sonja
 11910 | D:12     | Reached skill level 12 in Unarmed Combat
 12003 | D:12     | Annihilated by a very large slime creature

Illustrated notes

Levels and vault maps discovered:
D:1:      dpeg_arrival_windows_large_door, layout_basic
D:2:      layout_basic, uniq_jessica
D:3:      layout_loops_ring, lemuel_doored_altar
D:4:      layout_basic, elyvilon_altar_5, tso_oasis_becter, serial_rivers,
          chequers_serial_rivers_small_3, chequers_serial_rivers_large_a,
          chequers_serial_rivers_small_3, chequers_serial_rivers_small_3,
          chequers_serial_rivers_micro_b, chequers_serial_rivers_micro_a,
          first_ration, uniq_natasha
D:5:      layout_cave_pods
D:6:      layout_rooms
D:7:      kennysheep_slugbush, layout_loops_ring, minmay_temple_entry_offerings,
          uniq_duvessa
D:8:      layout_cave_pods, overflow_temple_1_default,
          hangedman_little_slice_of_home, small_statue_intersection,
          bh_walls_and_bars
D:9:      layout_stronghold, marbit_many_paths, lightli_temple_of_fire,
          gammafunk_ghost_wrathful_warriors
D:10:     layout_basic, minmay_lair_entry_grove
D:11:     minmay_cornered_nines, layout_long_grid, orc_0_dummy,
          gammafunk_ghost_stat_death, uniq_nergalle
D:12:     layout_roguey, drop_trap, uniq_sonja, uniq_psyche, uniq_jorgrun
Temple:   compressed_dpeg_circular_temple

Skill      XL: |  1  2  3  4  5  6  7  8  9 10 11 12 |
---------------+-------------------------------------+-----
Dodging        | 3 |  3.0
Throwing       | 1 2 3 |  3.0
Armour         | 1 2 3 5 6 7 8 9 |  9.7
Unarmed Combat | 4 5 7 8 9 10 12 | 12.0
Fighting       | 4 5 7 8 9 10 11 | 11.9
Evocations     | 2 3 4 6 |  6.0
Invocations    | 3 |  3.0
Shields        | 1 5 6 |  6.7
Stealth        | |  2.1

Action                   |  1- 3 |  4- 6 |  7- 9 | 10-12 || total
-------------------------+-------+-------+-------+-------++-------
Melee: Unarmed           |   143 |   196 |   403 |   678 ||  1420
       Punch             |     2 |     1 |     6 |       ||     9
Throw: Dart              |       |       |    22 |    26 ||    48
       Boomerang         |       |       |       |    36 ||    36
Invok: Animate Remains   |       |       |     5 |       ||     5
       Injury Mirror     |       |       |     2 |     3 ||     5
       Animate Dead      |       |       |       |     9 ||     9
       Drain Life        |       |       |       |     1 ||     1
Evoke: Wand              |       |       |     1 |     1 ||     2
  Use: Scroll            |     3 |     3 |    10 |     8 ||    24
       Potion            |       |     1 |       |     1 ||     2
 Stab: Sleeping          |     2 |       |       |       ||     2
  Eat: Chunk             |    11 |    15 |    65 |    83 ||   174
Armor: Robe              |    16 |       |       |       ||    16
       Plate armour      |       |    95 |   304 |   427 ||   826
Dodge: Dodged            |    92 |    42 |   136 |   222 ||   492
Block: Buckler           |       |       |     2 |   161 ||   163

Table legend:
 A = Non-vault XP
 B = Vault XP
 C = Vault XP percentage of total XP
 D = Non-vault monster count
 E = Vault monster count
 F = Vault count percentage of total count
                 A         B        C        D         E       F
            +---------+---------+-------+---------+---------+-------
      Total |   25529 |    5767 |  18.4 |     322 |      37 |  10.3
            +---------+---------+-------+---------+---------+-------
        D:1 |      48 |       0 |   0.0 |      31 |       0 |   0.0
        D:2 |      46 |      37 |  44.6 |      19 |       1 |   5.0
        D:3 |     103 |       0 |   0.0 |      17 |       0 |   0.0
        D:4 |     489 |      36 |   6.9 |      16 |       1 |   5.9
        D:5 |     574 |       0 |   0.0 |      25 |       0 |   0.0
        D:6 |    1171 |       0 |   0.0 |      27 |       0 |   0.0
        D:7 |    1897 |     261 |  12.1 |      45 |       7 |  13.5
        D:8 |    2420 |     157 |   6.1 |      39 |       8 |  17.0
        D:9 |    2633 |     401 |  13.2 |      12 |       3 |  20.0
       D:10 |    3769 |    2023 |  34.9 |      28 |      11 |  28.2
       D:11 |    7397 |    1951 |  20.9 |      23 |       4 |  14.8
       D:12 |    4982 |     901 |  15.3 |      40 |       2 |   4.8
            +---------+---------+-------+---------+---------+-------
